 Dungeon Crawl Stone Soup version 0.29.0-10-g45618ea6d2 (webtiles) character file.

Game seed: 3608203201580260628

8 blackman the Trooper (level 2, 23/24 HPs)
             Began as a Demonspawn Monk on Sept 1, 2022.
             Was a Believer of Sif Muna.
             Quit the game on level 1 of the Dungeon.
             The game lasted 00:01:20 (302 turns).

blackman the Trooper (Demonspawn Monk)               Turns: 302, Time: 00:01:21

Health: 23/24      AC:  2    Str: 11    XL:     2   Next: 0%
Magic:  3/3        EV: 12    Int: 11    God:    Sif Muna [**....]
Gold:   0          SH:  0    Dex: 15    Spells: 3/3 levels left

rFire   . . .      SeeInvis .   a - +0 hand axe
rCold   . . .      Faith    .   (no shield)
rNeg    . . .      Spirit   .   b - +0 robe
rPois   .          Reflect  .   (no helmet)
rElec   .          Harm     .   (no cloak)
rCorr   .          Rampage  .   (no gloves)
Will    .....                   (no boots)
Stlth   ++........              (no amulet)
HPRegen 0.08/turn               (no ring)
MPRegen 0.08/turn               (no ring)

@: no status effects
A: weakness stinger 1
a: Renounce Religion, Channel Magic


You were on level 1 of the Dungeon.
You worshipped Sif Muna.
Sif Muna was pleased with you.
You visited 1 branch of the dungeon, and saw 1 of its levels.

Inventory:

Hand Weapons
 a - a +0 hand axe (weapon)
Armour
 b - a +0 robe (worn)
Scrolls
 e - a scroll of poison {unknown}
Potions
 c - a potion of ambrosia
 d - a potion of berserk rage {unknown}


   Skills:
 - Level 3.0 Fighting
 - Level 2.9 Axes
 - Level 2.6 Dodging
 - Level 1.7 Stealth
 * Level 1.0 Spellcasting


You had 3 spell levels left.
You didn't know any spells.
Your spell library was empty.

Dungeon Overview and Level Annotations

Branches:
Dungeon (1/15)

Altars:
Sif Muna


Innate Abilities, Weirdness & Mutations

You have a small tail.


Message History

Are you sure you want to abandon this character and quit the game? (Confirm with "yes".)
Okay, then.
Unknown command.
No target in view!
Magic restored.
Key pressed, stopping explore.
You see here a dart slug corpse.
Key pressed, stopping explore.
Key pressed, stopping explore.
There is a stone staircase leading down here.
Key pressed, stopping explore.
d - a golden potion
There is a stone staircase leading down here.
Found a stone staircase leading down.
e - a scroll labelled YXKASYNLIXTA Key pressed, stopping explore.
Found an escape hatch in the floor.
Found a ring mail.
A ball python comes into view.
A ball python is nearby!
A ball python is nearby!
There is an escape hatch in the floor here.
A frilled lizard comes into view.
The ball python barely misses you. The ball python grabs you.
The ball python constricts you.
You hit the ball python.
The ball python is moderately wounded.
The ball python misses you. The ball python constricts you.
You slash the ball python!
You kill the ball python!
Sif Muna accepts your kill.
You miss the frilled lizard.
The frilled lizard bites you but does no damage.
You have reached level 2!
You feel monstrous as your demonic heritage exerts itself.
Your demonic ancestry asserts itself...
You grow a small tail.
Okay, then.
Unknown command.
Are you sure you want to abandon this character and quit the game? (Confirm with "yes".)

#### ###### ### ### #..
....### ..# #.. ...
......# #.# #.# #.#
#.....## #.# #.# #.#
###l.[...## #.###.###.##
#..@†......
...........###>#......##
#.###....#.....#.....##
#.# #......#######.#.#
#.......#.## .# #
######..#... .# #>.#####
# #..# #..#


You could see a frilled lizard.

Vanquished Creatures
  A dart slug (D:1)
  An endoplasm (D:1)
  A kobold (D:1)
  2 ball pythons (D:1)
  2 rats (D:1)
7 creatures vanquished.

Notes
Turn   | Place    | Note
-------+----------+-------------------------------------------
     0 | D:1      | blackman the Demonspawn Monk began the quest for the Orb.
     0 | D:1      | Reached XP level 1. HP: 18/18 MP: 1/1
    56 | D:1      | Found a faded altar of an unknown god.
    64 | D:1      | Prayed at the altar of an unknown god.
    64 | D:1      | Became a worshipper of Sif Muna the Loreminder
    64 | D:1      | Reached * piety under Sif Muna
    64 | D:1      | Reached ** piety under Sif Muna
   131 | D:1      | Reached skill level 1 in Spellcasting
   302 | D:1      | Discovered your monstrous ancestry.
   302 | D:1      | Gained mutation: You have a small tail. [demonic ancestry]
   302 | D:1      | Reached XP level 2. HP: 23/24 MP: 3/3
   302 | D:1      | Quit the game

Illustrated notes

Levels and vault maps discovered:
D:1:      heliophobic_arrival_dark_side_of_the_moon, layout_loops_ring,
          hellmonk_ecumenical_altar_slurped_away

Skill      XL: |  1 |
---------------+----+-----
Spellcasting   | 1 |  1.0
Fighting       | |  3.0
Axes           | |  2.9
Dodging        | |  2.6
Stealth        | |  1.7

Action                   || total
-------------------------++-------
Melee: Hand axe          ||    20
 Stab: Sleeping          ||     2
Armor: Robe              ||     4
Dodge: Dodged            ||     9
